Map: Romanticide LE

Players

Osiris

  • Race: Terran Terran
  • League: Master

LAMOUR - Winner!

  • Race: Protoss Protoss
  • League: Diamond

VOD

Have the link to the VOD?

Description

Time

  • Played on: May 10, 2021, 8:43 a.m.
  • Length: 20:04
Show
View Real Time Build Order
Export as new Build Order

Osiris Terran 

Build Orders: Reaper Expand 

Get SALT Encoding   

  12  0:00  SCV  
  13  0:12  SCV  
  14  0:16  Supply Depot  
  14  0:24  SCV  
  15  0:38  SCV  
  15  0:39  Barracks  
  16  0:43  Refinery  
  16  0:50  SCV  
  17  1:02  SCV  
  18  1:14  SCV  
  19  1:27  Orbital Command  
  19  1:28  Reaper  
  20  1:43  Command Center  
  20  1:55  SCV  
  20  1:58  Supply Depot  
  20  1:59  Marine  
  22  2:12  SCV  
  22  2:14  Factory  
  23  2:20  Marine  
  24  2:28  Bunker  
  24  2:29  SCV  
  25  2:37  Refinery  
  25  2:40  Marine  
  25  2:42  SCV  
  26  2:54  SCV  
  26  2:56  Orbital Command  
  27  3:00  Barracks Reactor  
  27  3:05  Factory Tech Lab  
  27  3:07  Starport  
  27  3:09  SCV  
  28  3:22  SCV  
  28  3:24  SCV  
  28  3:25  Cyclone  
  33  3:41  SCV x2  
  34  3:43  Marine x2  
  37  3:54  Barracks  
  37  3:57  Command Center  
  37  3:58  SCV  
  37  4:01  Marine  
  37  4:02  Marine  
  40  4:05  SCV  
  40  4:08  Cloaking Field  
  41  4:19  SCV  
  41  4:20  SCV  
  41  4:21  Banshee  
  41  4:22  Factory Tech Lab  
  46  4:30  Supply Depot  
  46  4:39  Supply Depot  
  46  4:52  Siege Tank, SCV x2, Marine x2  
  53  4:55  Supply Depot  
  53  5:04  Banshee, SCV  
  57  5:12  Orbital Command, Marine x2  
  59  5:15  Barracks  
  59  5:16  SCV  
  59  5:18  Supply Depot  
  59  5:19  Barracks  
  60  5:23  Engineering Bay, SCV  
  60  5:27  Engineering Bay  
  61  5:28  Siege Tank  
  61  5:32  SCV  
  61  5:35  Refinery  
  65  5:36  SCV  
  65  5:37  Refinery  
  65  5:38  SCV  
  65  5:39  Marine  
  65  5:41  Marine  
  69  5:46  SCV  
  70  5:51  Raven  
  70  5:56  SCV x2  
  74  5:58  Marine  
  74  5:59  Marine  
  76  6:16  SCV  
  77  6:23  SCV  
  77  6:24  Barracks  
  77  6:25  Barracks  
  63  6:44  Marine x2  
  63  6:46  Factory Tech Lab  
  62  6:49  SCV x2  
  62  6:52  Bunker  
  64  6:57  Missile Turret  
  59  7:05  Stimpack  
  59  7:06  Cyclone  
  59  7:07  Marine  
  63  7:11  Marine  
  63  7:12  Barracks Reactor  
  63  7:13  Barracks Tech Lab  
  63  7:15  SCV  
  62  7:16  Terran Infantry Armor Level 1, Terran Infantry Weapons Level 1  
  62  7:17  SCV x2  
  62  7:19  Marine x2  
  66  7:25  Missile Turret  
  66  7:33  SCV  
  66  7:35  Missile Turret  
  66  7:36  Marauder x2  
  63  7:53  Marine x2  
  63  7:55  SCV x2  
  63  7:56  Marine, SCV  
  63  7:57  Marine  
  53  7:59  Marauder  
  45  8:08  Bunker  
  45  8:11  Marine  
  45  8:12  Supply Depot, SCV x3, Engineering Bay  
  49  8:15  Marauder, Engineering Bay  
  49  8:17  Marine x2  
  49  8:18  Marine  
  49  8:19  Marauder  
  56  8:24  SCV x3  
  56  8:26  Marauder  
  61  8:27  Starport Reactor  
  60  8:36  SCV  
  61  8:46  Marauder x2, Marine x3  
  61  8:47  Marine  
  61  8:48  Missile Turret, SCV x2  
  71  8:53  Supply Depot x2  
  71  8:54  SCV  
  72  9:02  SCV x2  
  74  9:03  Armory  
  74  9:06  Marine x2  
  74  9:07  Marauder x2, Marine x2  
  74  9:09  Marauder  
  84  9:11  SCV  
  84  9:13  Medivac x2  
  89  9:18  Supply Depot, SCV x2  
  89  9:19  Supply Depot  
  91  9:26  Starport  
  91  9:27  Marine x4  
  91  9:28  SCV  
  91  9:30  SCV x2  
  100  9:31  Marauder  
  100  9:41  Combat Shield, Concussive Shells  
  100  9:43  Orbital Command  
  100  9:52  Marauder x2, Marine x3  
  107  9:56  Refinery  
  107  9:58  SCV  
  107  9:59  SCV  
  109  10:00  Refinery  
  109  10:14  Marauder x2  
  109  10:15  Starport Reactor  
  109  10:17  Medivac x2  
  109  10:18  SCV  
  109  10:20  SCV  
  119  10:25  Missile Turret  
  119  10:33  Marauder  
  119  10:40  Marauder x2  
  119  10:41  Marine x4  
  119  10:42  Siege Tank  
  95  10:53  Viking  
  95  10:54  Viking x2  
  95  10:56  Marine  
  101  10:59  Marine  
  102  11:04  Marine x3  
  102  11:08  Orbital Command  
  102  11:11  Marine x2  
  101  11:14  Marine  
  101  11:17  Marine  
  101  11:18  Viking  
  107  11:25  Missile Turret  
  107  11:26  Missile Turret  
  107  11:28  Viking  
  109  11:33  SCV  
  109  11:35  Marine x2  
  109  11:36  Marine  
  113  11:40  SCV x2  
  113  11:44  Terran Infantry Weapons Level 2  
  115  11:49  Viking  
  117  12:00  Viking x3  
  123  12:09  SCV, Sensor Tower  
  124  12:17  Command Center  
  124  12:18  Supply Depot  
  124  12:20  Supply Depot  
  124  12:23  Supply Depot  
  124  12:24  Supply Depot  
  124  12:31  SCV x3  
  124  12:35  Terran Infantry Armor Level 2  
  127  12:37  Terran Ship Weapons Level 1  
  127  12:38  Viking x2  
  127  12:43  SCV  
  132  12:45  Viking  
  132  12:48  Viking  
  136  12:52  Marauder  
  138  13:08  Supply Depot  
  138  13:11  Marauder x2, Marine x4  
  138  13:12  Supply Depot  
  146  13:18  Medivac x2  
  150  13:20  Medivac  
  150  13:21  Medivac  
  150  13:23  Marauder  
  156  13:38  Marauder x2, Marine  
  161  13:48  Planetary Fortress  
  161  13:56  Marine x2  
  161  13:59  Missile Turret, Sensor Tower  
  161  14:01  SCV x3  
  166  14:03  Viking x4  
  166  14:09  Marine x2  
  175  14:10  Marine x3  
  175  14:16  Marine x2  
  181  14:18  SCV  
  181  14:23  Missile Turret  
  182  14:30  Marine x5  
  187  14:33  Siege Tank  
  187  14:34  Terran Ship Weapons Level 2  
  190  14:57  Marine x3  
  190  14:58  Marine x3  
  196  15:04  Supply Depot x2  
  196  15:05  Viking x2  
  200  15:28  Orbital Command  
  200  15:31  Refinery  
  200  15:32  Refinery  
  200  15:45  Command Center  
  200  15:52  Barracks x3  
  200  15:55  Ghost Academy  
  200  15:58  Marine  
  161  16:06  Marine  
  161  16:07  Marauder, Marine x3  
  161  16:08  Viking x2  
  127  16:11  Marine  
  127  16:15  Marine  
  99  16:22  Viking x2  
  99  16:24  Marine x2  
  99  16:25  Marine  
  96  16:34  Marine x4  
  96  16:38  Personal Cloaking  
  98  16:40  Barracks Reactor, Barracks Tech Lab  
  98  16:41  Barracks Reactor  
  98  16:43  SCV x2  
  98  16:46  Viking x2, Marine x3  
  107  16:52  Marine  
  107  16:53  Marine x2  
  110  16:54  Marine  
  110  16:55  Viking x2  
  110  16:56  Terran Infantry Weapons Level 3  
  110  16:57  Terran Infantry Armor Level 3  
  110  16:58  Terran Ship Weapons Level 3  
  110  17:00  SCV x2  
  117  17:12  Planetary Fortress  
  117  17:14  Marine x2  
  117  17:15  Marine x5  
  123  17:16  Missile Turret, Marine  
  123  17:18  Viking x2  
  123  17:19  Marine  
  130  17:33  Viking x2, Marine x3  
  130  17:34  Marine x2  
  130  17:35  Marauder x3  
  145  17:44  Missile Turret  
  145  17:48  Missile Turret  
  145  17:50  Viking x2, Marine x3  
  152  17:54  SCV x2  
  154  17:58  Marine  
  154  17:59  Marauder x2, Marine x2  
  154  18:00  Marauder x2  
  165  18:08  Viking x2, Marine  
  165  18:09  Marine x2  
  171  18:21  Ghost x2  
  171  18:22  Ghost  
  171  18:23  Ghost  
  179  18:32  Refinery  
  179  18:33  Refinery  
  179  18:52  Ghost x3  
  181  19:23  Viking x3  
  181  19:24  Viking  
Show
View Real Time Build Order
Export as new Build Order

LAMOUR Protoss - Winner!

Build Orders: Carriers 

Get SALT Encoding   

  12  0:11  Pylon  
  12  0:14  Probe  
  13  0:26  Probe  
  14  0:31  Gateway  
  14  0:38  Probe  
  15  0:45  Assimilator  
  15  0:50  Probe  
  16  0:58  Gateway  
  16  1:03  Probe  
  17  1:15  Probe  
  18  1:19  Cybernetics Core  
  18  1:27  Probe  
  19  1:37  Pylon  
  19  1:39  Probe  
  20  1:48  Assimilator  
  20  1:51  Probe  
  21  1:54  Adept (Chrono Boost)  
  21  1:57  Adept (Chrono Boost)  
  25  2:03  Probe  
  26  2:16  Pylon  
  26  2:29  Stargate  
  26  2:36  Stalker  
  28  2:45  Warp Gate  
  28  3:03  Probe  
  29  3:10  Stalker  
  31  3:17  Nexus  
  29  3:41  Void Ray (Chrono Boost)  
  29  3:44  Probe  
  34  3:52  Twilight Council  
  34  3:59  Gateway  
  34  4:02  Gateway  
  34  4:04  Probe  
  35  4:16  Probe  
  36  4:19  Phoenix  
  38  4:28  Probe  
  37  4:34  Probe  
  37  4:37  Charge (Chrono Boost)  
  38  4:40  Probe  
  38  4:42  Zealot  
  38  4:43  Zealot  
  43  4:47  Probe (Chrono Boost)  
  43  4:50  Phoenix  
  46  4:53  Probe (Chrono Boost)  
  46  4:59  Probe (Chrono Boost)  
  48  5:03  Pylon  
  48  5:04  Probe (Chrono Boost)  
  49  5:07  Probe (Chrono Boost)  
  49  5:09  Probe (Chrono Boost)  
  51  5:15  Phoenix  
  53  5:23  Zealot  
  53  5:24  Zealot  
  57  5:36  Pylon  
  57  5:40  Phoenix  
  57  5:41  Pylon  
  59  5:51  Zealot  
  59  5:55  Pylon, Zealot x3  
  67  5:58  Probe  
  68  6:05  Phoenix  
  70  6:14  Robotics Facility  
  70  6:15  Zealot x2  
  61  6:58  Void Ray  
  61  7:00  Zealot x2  
  61  7:01  Probe x2, Zealot x2  
  69  7:03  Observer  
  76  7:14  Probe  
  76  7:15  Probe  
  78  7:19  Pylon  
  78  7:20  Pylon  
  78  7:31  Pylon  
  78  7:34  Nexus  
  78  7:36  Pylon  
  78  7:37  Probe  
  79  7:40  Pylon  
  69  8:00  Void Ray (Chrono Boost)  
  63  8:08  Immortal  
  63  8:09  Zealot  
  63  8:10  Zealot x3  
  63  8:12  Probe x2  
  81  8:18  Robotics Bay  
  81  8:24  Probe x2  
  83  8:31  Void Ray (Chrono Boost)  
  83  8:36  Probe  
  83  8:37  Pylon, Probe  
  87  8:42  Assimilator  
  87  8:44  Assimilator, Observer  
  87  8:47  Forge  
  87  8:48  Probe  
  87  8:49  Probe, Gateway  
  87  8:50  Gateway  
  87  8:51  Probe  
  87  8:54  Pylon  
  90  9:01  Probe x2  
  92  9:08  Colossus (Chrono Boost)  
  98  9:19  Probe x2  
  98  9:21  Assimilator  
  100  9:24  Assimilator, Zealot  
  100  9:25  Zealot x3  
  100  9:26  Protoss Ground Armor Level 1  
  100  9:28  Probe  
  109  9:33  Probe  
  109  9:36  Void Ray (Chrono Boost)  
  114  9:46  Protoss Air Armor Level 1  
  114  9:49  Probe  
  114  9:51  Probe  
  116  9:54  Zealot x2  
  116  9:55  Zealot x2  
  116  9:56  Zealot  
  126  10:02  Probe x2  
  126  10:03  Probe  
  129  10:12  Nexus  
  128  10:19  Zealot  
  128  10:20  Zealot x2  
  134  10:25  Zealot x2  
  89  10:56  Zealot x3  
  89  10:57  Zealot x3  
  97  11:08  Void Ray  
  95  11:18  Colossus (Chrono Boost)  
  95  11:21  Stargate  
  95  11:24  Stargate  
  105  11:26  Probe x4  
  105  11:29  Assimilator  
  105  11:32  Assimilator, Protoss Ground Weapons Level 1 (Chrono Boost)  
  109  11:36  Cybernetics Core  
  109  11:37  Fleet Beacon  
  109  11:38  Probe  
  110  11:40  Extended Thermal Lance, Void Ray (Chrono Boost)  
  110  11:43  Zealot  
  110  11:44  Zealot  
  114  11:47  Probe x2  
  114  11:49  Probe  
  114  11:50  Probe  
  114  11:52  Colossus (Chrono Boost)  
  122  11:58  Pylon  
  128  12:06  Pylon  
  128  12:08  Pylon  
  128  12:12  Void Ray (Chrono Boost)  
  128  12:17  Void Ray (Chrono Boost)  
  128  12:20  Void Ray (Chrono Boost)  
  128  12:22  Flux Vanes  
  132  12:25  Pylon  
  132  12:27  Pylon  
  140  12:31  Immortal  
  140  12:32  Probe  
  145  12:43  Probe  
  146  12:47  Pylon  
  146  12:49  Carrier (Chrono Boost)  
  152  12:56  Carrier (Chrono Boost)  
  164  13:01  Carrier (Chrono Boost)  
  164  13:09  Pylon, Protoss Air Weapons Level 1 (Chrono Boost)  
  164  13:13  Protoss Air Armor Level 2 (Chrono Boost)  
  164  13:14  Immortal  
  168  13:22  Templar Archives  
  168  13:23  Stalker  
  168  13:24  Stalker  
  168  13:26  Stalker  
  174  13:32  Probe x2  
  175  13:44  Carrier (Chrono Boost)  
  181  14:01  High Templar x2  
  181  14:02  High Templar  
  187  14:03  Nexus  
  187  14:09  Psionic Storm  
  187  14:11  Pylon  
  187  14:13  Probe  
  187  14:15  Zealot  
  187  14:16  Zealot x2  
  194  14:22  Anion Pulse-Crystals  
  194  14:36  Colossus (Chrono Boost)  
  200  14:39  Pylon  
  200  14:47  Protoss Ground Armor Level 2  
  200  14:53  Forge  
  199  15:17  Carrier x3 (Chrono Boost)  
  197  15:28  Immortal (Chrono Boost), High Templar  
  191  15:30  Probe  
  191  15:31  Probe x2  
  191  15:34  Pylon  
  200  15:36  Pylon  
  200  15:51  Shield Battery  
  200  15:52  Shield Battery  
  200  15:53  Shield Battery  
  200  15:55  Pylon  
  168  16:14  Carrier x2 (Chrono Boost)  
  168  16:15  Archon, Carrier (Chrono Boost)  
  168  16:18  Zealot x2  
  162  16:40  Protoss Ground Weapons Level 2 (Chrono Boost)  
  162  16:41  Assimilator  
  162  16:43  Assimilator  
  162  16:49  High Templar x2  
  162  16:51  High Templar  
  162  16:53  Protoss Air Weapons Level 2 (Chrono Boost)  
  168  17:11  Protoss Air Armor Level 3 (Chrono Boost)  
  168  17:35  Nexus  
  168  17:39  Photon Cannon x2  
  168  17:41  Photon Cannon  
  168  17:47  Carrier (Chrono Boost)  
  174  17:53  High Templar x2  
  174  17:54  Pylon, High Templar  
  180  18:03  Carrier (Chrono Boost)  
  186  18:11  Observer  
  187  18:14  Gravitic Boosters  
  187  18:26  Unknown  
  187  18:32  Observer  
  187  18:45  Carrier x2 (Chrono Boost)  
  199  18:53  Observer  
  199  18:59  Nexus  
  199  19:07  Pylon  
  199  19:08  Pylon  
  193  19:50  Archon x2  
Tags
 
Add a new tag
Caveats
  • Supply blocks, unpowered buildings, or Contaminate may cause inaccurate times.
  • Supply counts are checked every 10 seconds.